3A
WASHINGTON GENERALS @ NIAGARA FALLS EXPOS
07/19/2022
 
TOP OF THE 1ST
Washington Generals batting - Pitching for Niagara Falls Expos : RHP Tony Solíz
Pitching: RHP Tony Solíz
Batting: RHB Iván Rodríguez 0-0: DOUBLE (Line Drive, 7LS)
Batting: SHB Júlio Camacho 0-0: Ball
1-0: SINGLE (Groundball, 3D)
Iván Rodríguez to third
Batting: RHB Harley Gray 0-0: Ball
Júlio Camacho steals 2nd base
1-0: Called Strike
1-1: Ball
2-1: Ball
3-1: Base on Balls
Batting: RHB Britt Lynch 0-0: Grounds into double play, 6-4-3 (Groundball, 6)
Iván Rodríguez scores
Júlio Camacho to third
Batting: SHB Carlos Alicea 0-0: Fly out, F3 (Popup, 15)
Top of the 1st over - 1 run(s), 2 hit(s), 0 error(s), 1 left on base; Washington 1 - Niagara Falls 0
BOTTOM OF THE 1ST
Niagara Falls Expos batting - Pitching for Washington Generals : LHP César Rosado
Pitching: LHP César Rosado
Batting: RHB Eduardo Torres 0-0: Foul Ball, location: 2F
0-1: Called Strike
0-2: Ball
1-2: Strikes out swinging
Batting: RHB Barkley B. Cooltimes 0-0: Called Strike
0-1: Ball
1-1: Foul Ball, location: 2F
1-2: Foul Ball, location: 2F
1-2: Strikes out swinging
Batting: LHB Manny Valentín 0-0: Called Strike
0-1: Called Strike
0-2: Strikes out swinging
Bottom of the 1st over - 0 run(s), 0 hit(s), 0 error(s), 0 left on base; Washington 1 - Niagara Falls 0
TOP OF THE 2ND
Washington Generals batting - Pitching for Niagara Falls Expos : RHP Tony Solíz
Batting: LHB Michael Whorton 0-0: Called Strike
0-1: Swinging Strike
0-2: Ball
1-2: Strikes out looking
Batting: RHB Jim Unknown 0-0: Ground out 6-3 (Groundball, 6)
Batting: LHB Jim Unknown 0-0: Ball
1-0: Foul Ball, location: 2F
1-1: Ball
2-1: Foul Ball, location: 2F
2-2: Foul Ball, location: 2F
2-2: Fly out, F6 (Popup, 5)
Top of the 2nd over - 0 run(s), 0 hit(s), 0 error(s), 0 left on base; Washington 1 - Niagara Falls 0
BOTTOM OF THE 2ND
Niagara Falls Expos batting - Pitching for Washington Generals : LHP César Rosado
Batting: RHB John Thompson 0-0: Ball
1-0: Called Strike
1-1: SINGLE (Flyball, 8RS)
Batting: RHB José Rodríguez 0-0: Ball
1-0: Ball
2-0: SINGLE (Groundball, 6MD)
John Thompson to second
Batting: RHB Tony Martínez 0-0: Fielders Choice at 2nd, 5-4 (Groundball, 56)
John Thompson to third
Batting: RHB Nelson Torez 0-0: Called Strike
0-1: Fly out, F9 (Flyball, 9LS)
Batting: RHB Luis Rodríguez 0-0: SINGLE (Groundball, 6MD)
John Thompson scores
Tony Martínez to second
Batting: RHB Rodrigo Velasco 0-0: Ground out 5-3 (Groundball, 5L)
Bottom of the 2nd over - 1 run(s), 3 hit(s), 0 error(s), 2 left on base; Washington 1 - Niagara Falls 1
TOP OF THE 3RD
Washington Generals batting - Pitching for Niagara Falls Expos : RHP Tony Solíz
Batting: RHB Andy Moore 0-0: Called Strike
0-1: Foul Ball, location: 2F
0-2: Strikes out swinging
Batting: RHB Iván Rodríguez 0-0: DOUBLE (Popup, 6D)
Batting: SHB Júlio Camacho 0-0: Called Strike
0-1: 2-RUN HOME RUN (Flyball, 9D), Distance : 376 ft
Batting: RHB Harley Gray 0-0: Called Strike
0-1: DOUBLE (Line Drive, 9LM)
Batting: RHB Britt Lynch 0-0: Swinging Strike
0-1: Called Strike
0-2: Strikes out looking
Batting: SHB Carlos Alicea 0-0: Fly out, F8 (Flyball, 8LM)
Top of the 3rd over - 2 run(s), 3 hit(s), 0 error(s), 1 left on base; Washington 3 - Niagara Falls 1
BOTTOM OF THE 3RD
Niagara Falls Expos batting - Pitching for Washington Generals : LHP César Rosado
Batting: RHB Eduardo Torres 0-0: Ball
1-0: Called Strike
1-1: Swinging Strike
1-2: Ball
2-2: Strikes out swinging
Batting: RHB Barkley B. Cooltimes 0-0: Ground out 6-3 (Groundball, 6M)
Batting: LHB Manny Valentín 0-0: Called Strike
0-1: Ball
1-1: Called Strike
1-2: Ground out 4-3 (Groundball, 4M)
Bottom of the 3rd over - 0 run(s), 0 hit(s), 0 error(s), 0 left on base; Washington 3 - Niagara Falls 1
TOP OF THE 4TH
Washington Generals batting - Pitching for Niagara Falls Expos : RHP Tony Solíz
Batting: LHB Michael Whorton 0-0: Foul Ball, location: 2F
0-1: Fly out, F5 (Line Drive, 56)
Batting: RHB Jim Unknown 0-0: Ball
1-0: Called Strike
1-1: Ground out 1-3 (Groundball, 13)
Batting: LHB Jim Unknown 0-0: SINGLE (Line Drive, 89S)
Batting: RHB Andy Moore 0-0: SINGLE (Flyball, 8RS)
Jim Unknown to second
Batting: RHB Iván Rodríguez 0-0: Called Strike
0-1: Ball
1-1: Swinging Strike
1-2: Ball
2-2: Fly out, F8 (Flyball, 8LD)
Top of the 4th over - 0 run(s), 2 hit(s), 0 error(s), 2 left on base; Washington 3 - Niagara Falls 1
BOTTOM OF THE 4TH
Niagara Falls Expos batting - Pitching for Washington Generals : LHP César Rosado
Batting: RHB John Thompson 0-0: Ground out 5-3 (Groundball, 56)
Batting: RHB José Rodríguez 0-0: Swinging Strike
0-1: Ball
1-1: Swinging Strike
1-2: Foul Ball, location: 2F
1-2: DOUBLE (Line Drive, 6D)
Batting: RHB Tony Martínez 0-0: Ball
1-0: Called Strike
1-1: Ball
2-1: Swinging Strike
2-2: Strikes out swinging
Batting: RHB Nelson Torez 0-0: Ball
1-0: Swinging Strike
1-1: Ball
2-1: Ball
3-1: SINGLE (Groundball, 56D)
José Rodríguez to third
Runner from 3rd tries for Home, SAFE, no throw or cutoff
Batting: RHB Luis Rodríguez 0-0: Ball
1-0: SINGLE (Line Drive, 56D)
Nelson Torez to second
Batting: RHB Rodrigo Velasco 0-0: Called Strike
0-1: Called Strike
0-2: Foul Ball, location: 2F
0-2: Strikes out swinging
Bottom of the 4th over - 1 run(s), 3 hit(s), 0 error(s), 2 left on base; Washington 3 - Niagara Falls 2
TOP OF THE 5TH
Washington Generals batting - Pitching for Niagara Falls Expos : RHP Tony Solíz
Batting: SHB Júlio Camacho 0-0: Ground out 6-3 (Groundball, 6M)
Batting: RHB Harley Gray 0-0: SINGLE (Flyball, 6MD)
Batting: RHB Britt Lynch 0-0: Ball
1-0: Foul Ball, location: 2F
1-1: Called Strike
1-2: Ground out 6-3 (Groundball, 56)
Harley Gray to second
Batting: SHB Carlos Alicea 0-0: Called Strike
0-1: Ball
1-1: Foul Ball, location: 2F
1-2: Ball
2-2: Ball
3-2: Foul Ball, location: 2F
3-2: Foul Ball, location: 2F
3-2: Foul Ball, location: 2F
3-2: Base on Balls
Batting: LHB Michael Whorton 0-0: SINGLE (Flyball, 89S)
Harley Gray to third
Carlos Alicea to second
Runner from 3rd tries for Home, SAFE, no throw or cutoff
Batting: RHB Jim Unknown 0-0: Called Strike
0-1: Ball
1-1: Ball
2-1: Ball
3-1: SINGLE (Flyball, 8LS)
Carlos Alicea to third
Michael Whorton to second
Runner from 3rd tries for Home, SAFE, no throw or cutoff
Batting: LHB Jim Unknown 0-0: Ball
1-0: Fly out, F4 (Popup, 4MD)
Top of the 5th over - 2 run(s), 3 hit(s), 0 error(s), 2 left on base; Washington 5 - Niagara Falls 2
BOTTOM OF THE 5TH
Niagara Falls Expos batting - Pitching for Washington Generals : LHP César Rosado
Batting: RHB Eduardo Torres 0-0: Called Strike
0-1: Called Strike
0-2: Ball
1-2: Ball
2-2: Foul Ball, location: 2F
2-2: Foul Ball, location: 2F
2-2: SINGLE (Groundball, 5D)
Batting: RHB Barkley B. Cooltimes 0-0: Foul Ball, location: 2F
0-1: Foul Ball, location: 2F
0-2: Foul Ball, location: 2F
0-2: Ball
1-2: Ball
2-2: Ball
3-2: Base on Balls
Eduardo Torres to second
Batting: LHB Manny Valentín 0-0: Swinging Strike
0-1: Grounds into double play, 6-4-3 (Groundball, 6M)
Eduardo Torres to third
Batting: RHB John Thompson 0-0: Called Strike
0-1: Foul Ball, location: 2F
0-2: Ball
1-2: Strikes out swinging
Bottom of the 5th over - 0 run(s), 1 hit(s), 0 error(s), 1 left on base; Washington 5 - Niagara Falls 2
TOP OF THE 6TH
Washington Generals batting - Pitching for Niagara Falls Expos : RHP Tony Solíz
Batting: RHB Andy Moore 0-0: Called Strike
0-1: Ball
1-1: Foul Ball, location: 2F
1-2: Foul Ball, location: 2F
1-2: Foul Ball, location: 2F
1-2: Fly out, F9 (Line Drive, 89S)
Batting: RHB Iván Rodríguez 0-0: Called Strike
0-1: Ground out 6-3 (Groundball, 56)
Batting: SHB Júlio Camacho 0-0: Foul Ball, location: 2F
0-1: Called Strike
0-2: Strikes out swinging
Top of the 6th over - 0 run(s), 0 hit(s), 0 error(s), 0 left on base; Washington 5 - Niagara Falls 2
BOTTOM OF THE 6TH
Niagara Falls Expos batting - Pitching for Washington Generals : LHP César Rosado
Batting: RHB José Rodríguez 0-0: Swinging Strike
0-1: Swinging Strike
0-2: Ball
1-2: Strikes out swinging
Batting: RHB Tony Martínez 0-0: Reached on error, E5 (Groundball, 56S)
Batting: RHB Nelson Torez 0-0: Called Strike
0-1: Called Strike
0-2: Ball
1-2: Strikes out swinging
Batting: RHB Luis Rodríguez 0-0: Ball
1-0: Foul Ball, location: 2F
1-1: Swinging Strike
1-2: Strikes out swinging
Bottom of the 6th over - 0 run(s), 0 hit(s), 1 error(s), 1 left on base; Washington 5 - Niagara Falls 2
TOP OF THE 7TH
Washington Generals batting - Pitching for Niagara Falls Expos : RHP Tony Solíz
Batting: RHB Harley Gray 0-0: SINGLE (Line Drive, 4D)
Batting: RHB Britt Lynch 0-0: Ball
1-0: TRIPLE (Line Drive, 8LM)
Harley Gray scores
Batting: SHB Carlos Alicea 0-0: Intentional Walk
Pitching: RHP Felipe Cavazos
Batting: LHB Michael Whorton 0-0: Called Strike
0-1: Fielders Choice at 2nd, 6-4 (Groundball, 6)
Britt Lynch scores
Batting: RHB Jim Unknown 0-0: Called Strike
0-1: Foul Ball, location: 2F
0-2: Strikes out looking
Batting: LHB Jim Unknown 0-0: Swinging Strike
0-1: Foul Ball, location: 2F
0-2: Ball
1-2: Ball
Wild Pitch!
Michael Whorton to second
2-2: Strikes out swinging
Top of the 7th over - 2 run(s), 2 hit(s), 0 error(s), 1 left on base; Washington 7 - Niagara Falls 2
BOTTOM OF THE 7TH
Niagara Falls Expos batting - Pitching for Washington Generals : LHP César Rosado
Batting: RHB Rodrigo Velasco 0-0: Foul Ball, location: 2F
0-1: Foul Ball, location: 2F
0-2: Ball
1-2: Strikes out swinging
Batting: RHB Eduardo Torres 0-0: Foul Ball, location: 2F
0-1: Fly out, F6 (Line Drive, 6M)
Batting: RHB Barkley B. Cooltimes 0-0: Called Strike
0-1: Called Strike
0-2: Strikes out swinging
Bottom of the 7th over - 0 run(s), 0 hit(s), 0 error(s), 0 left on base; Washington 7 - Niagara Falls 2
TOP OF THE 8TH
Washington Generals batting - Pitching for Niagara Falls Expos : RHP Felipe Cavazos
Batting: RHB Andy Moore 0-0: Called Strike
0-1: Swinging Strike
0-2: Strikes out looking
Batting: RHB Iván Rodríguez 0-0: Swinging Strike
0-1: Ball
1-1: Ball
2-1: Swinging Strike
2-2: Ball
3-2: Foul Ball, location: 2F
3-2: Base on Balls
Batting: SHB Júlio Camacho 0-0: Called Strike
0-1: Ball
1-1: Ball
2-1: Called Strike
2-2: Foul Ball, location: 2F
2-2: Foul Ball, location: 2F
2-2: Ball
3-2: Foul Ball, location: 2F
3-2: Fly out, F9 (Popup, 34D)
Batting: RHB Harley Gray 0-0: Reached on error, E6 (Groundball, 6M)
Iván Rodríguez to second
Batting: RHB Britt Lynch 0-0: Ground out 5-3 (Groundball, 5)
Top of the 8th over - 0 run(s), 0 hit(s), 1 error(s), 2 left on base; Washington 7 - Niagara Falls 2
BOTTOM OF THE 8TH
Niagara Falls Expos batting - Pitching for Washington Generals : LHP César Rosado
Batting: LHB Manny Valentín 0-0: Called Strike
0-1: Foul Ball, location: 2F
0-2: Strikes out swinging
Batting: RHB John Thompson 0-0: Ball
1-0: Foul Ball, location: 2F
1-1: Foul Ball, location: 2F
1-2: Ground out 6-3 (Groundball, 6)
Batting: RHB José Rodríguez 0-0: Ball
1-0: Ground out 6-3 (Groundball, 6)
Bottom of the 8th over - 0 run(s), 0 hit(s), 0 error(s), 0 left on base; Washington 7 - Niagara Falls 2
TOP OF THE 9TH
Washington Generals batting - Pitching for Niagara Falls Expos : RHP Felipe Cavazos
Pitching: RHP Jim Unknown
Batting: SHB Carlos Alicea 0-0: Ball
1-0: Ball
2-0: Ball
3-0: Called Strike
3-1: Fly out, F9 (Popup, 89S)
Batting: LHB Michael Whorton 0-0: Swinging Strike
0-1: Ground out 4-3 (Groundball, 4)
Batting: RHB Jim Unknown 0-0: Ball
1-0: Foul Ball, location: 2F
1-1: SINGLE (Groundball, 6MD)
Batting: LHB Jim Unknown 0-0: Fly out, F2 (Popup, 2RF)
Top of the 9th over - 0 run(s), 1 hit(s), 0 error(s), 1 left on base; Washington 7 - Niagara Falls 2
BOTTOM OF THE 9TH
Niagara Falls Expos batting - Pitching for Washington Generals : LHP César Rosado
Batting: RHB Tony Martínez 0-0: Ball
1-0: Ball
2-0: Called Strike
2-1: Ball
3-1: Base on Balls
Pitching: RHP Octávio Rosário
Batting: RHB Nelson Torez 0-0: Called Strike
0-1: Ball
1-1: Ball
2-1: Fly out, F7 (Line Drive, 7LS)
Batting: RHB Luis Rodríguez 0-0: Ball
1-0: Ball
2-0: Called Strike
2-1: Foul Ball, location: 2F
2-2: Ball
3-2: Foul Ball, location: 2F
3-2: Fly out, F4 (Line Drive, 4)
3-2: Lined into DP, 4-3 (Line Drive, 4)
Bottom of the 9th over - 0 run(s), 0 hit(s), 0 error(s), 0 left on base; Washington 7 - Niagara Falls 2
This league is powered by Out of the Park Baseball, the baseball management simulation game for PC, Mac and Linux
Friday, April 15th, 2016 - OOTP Baseball 16.9 Build 39